 Dungeon Crawl Stone Soup version 0.28.0-53-g5a82cb258f (webtiles) character file.

Game seed: 12689414557136634627

1403 Deemzul the Sneak (level 8, 0/56 HPs)
             Began as an Octopode Monk on July 28, 2022.
             Was a Priest of Wu Jian.
             Slain by a centaur warrior zombie (4 damage)
             ... on level 6 of the Dungeon.
             The game lasted 00:08:04 (5195 turns).

Deemzul the Sneak (Octopode Monk)                   Turns: 5195, Time: 00:08:04

Health: 0/56       AC:  1    Str: 11    XL:     8   Next: 69%
Magic:  8/8        EV: 16    Int: 12    God:    Wu Jian [***...]
Gold:   237        SH: 15    Dex: 16    Spells: 7/7 levels left

rFire   x . .      SeeInvis .     - Unarmed
rCold   + . .      Faith    .   l - +2 tower shield
rNeg    . . .      Spirit   .   (helmet restricted)
rPois   .          Reflect  .   f - amulet of regeneration
rElec   .          Harm     .   c - ring of ice
rCorr   +          Rampage  .   e - ring of resist corrosion
Will    .....                   w - +4 ring of evasion
Stlth   +++++.....              (no ring)
HPRegen 0.98/turn               (no ring)
MPRegen 0.11/turn               (no ring)
                                (no ring)
                                (no ring)

@: no status effects
A: almost no armour, amphibious, 8 rings, camouflage 1, gelatinous body 1,
(nimble swimmer 1), tentacles
a: Renounce Religion, Wall Jump, Serpent's Lash


You were on level 6 of the Dungeon.
You worshipped Wu Jian.
Wu Jian was most pleased with you.
You visited 1 branch of the dungeon, and saw 6 of its levels.

You collected 285 gold pieces.
You spent 48 gold pieces at shops.

Inventory:

Hand Weapons
 i - a +1 scimitar of electrocution
Missiles
 m - 5 boomerangs (quivered)
Armour
 l - a +2 tower shield (worn)
Jewellery
 c - a ring of ice (left tentacle)
 e - a ring of resist corrosion (right tentacle)
 f - an amulet of regeneration (around mantle)
 s - an amulet of reflection
 w - a +4 ring of evasion (on tentacle)
Wands
 u - a wand of paralysis (7)
Scrolls
 a - 2 scrolls of magic mapping {unknown}
 h - 2 scrolls of teleportation
 j - 5 scrolls of identify {unknown}
 k - 2 scrolls of enchant armour {unknown}
 n - 3 scrolls of vulnerability {unknown}
 o - 2 scrolls of amnesia {unknown}
 p - a scroll of enchant weapon {unknown}
 q - a scroll of immolation {unknown}
 r - a scroll of fear {unknown}
Potions
 b - a potion of curing
 d - 2 potions of brilliance {unknown}
 g - a potion of cancellation {unknown}
 t - a potion of lignification {unknown}
 v - a potion of mutation {unknown}


   Skills:
 + Level 5.5 Fighting
 + Level 5.5 Dodging
 + Level 7.2 Stealth
 + Level 3.9 Shields
 + Level 5.6 Unarmed Combat


You had 7 spell levels left.
You didn't know any spells.
Your spell library contained the following spells:

 Spells                   Type           Power      Damage    Failure   Level
 Beastly Appendage        Tmut           0%         N/A       99%         1
 Slow                     Hex            0%         N/A       99%         1
 Wereblood                Tmut           0%         N/A       99%         2
 Confusing Touch          Hex            0%         N/A       100%        3
 Spider Form              Tmut/Pois      0%         N/A       100%        3
 Vampiric Draining        Necr           0%         2d6       100%        3
 Summon Ice Beast         Ice/Summ       0%         N/A       100%        4
 Blade Hands              Tmut           0%         N/A       100%        5
 Summon Mana Viper        Hex/Summ       0%         N/A       100%        5
 Iron Shot                Conj/Erth      0%         9d1       100%        6
 Monstrous Menagerie      Summ           0%         N/A       100%        7
 Animate Armour           Summ/Erth      Unusable   N/A       N/A         4

Dungeon Overview and Level Annotations

Branches:
Dungeon (6/15)             Temple (0/1) D:4

Altars:
Ru
Vehumet
Wu Jian
The Shining One

Shops:
D:1 *


Innate Abilities, Weirdness & Mutations

You cannot wear most types of armour.
You are amphibious.
You can wear up to eight rings at the same time.
Your skin changes colour to match your surroundings (Stealth+).
Your rubbery body absorbs attacks. (AC +1, EV +1)
((You are camouflaged when in or above water. (Stealth+)))
You have tentacles for arms and can constrict up to eight enemies at once.


Message History

You tentacle-slap the centaur warrior zombie.
The centaur warrior zombie is moderately damaged.
The centaur warrior zombie misses you. The centaur warrior zombie kicks you.
You tentacle-slap the centaur warrior zombie.
You squeeze the centaur warrior zombie!
The centaur warrior zombie is heavily damaged.
You block the centaur warrior zombie's attack. x2
The centaur warrior zombie hits you but does no damage.
The centaur warrior zombie kicks you.
You tentacle-slap the centaur warrior zombie.
The centaur warrior zombie is heavily damaged.
You block the centaur warrior zombie's attack. x2
You tentacle-slap the centaur warrior zombie but do no damage.
You squeeze the centaur warrior zombie.
The centaur warrior zombie is heavily damaged.
The centaur warrior zombie hits you. The centaur warrior zombie kicks you.
You block the centaur warrior zombie's attack. x2
You bludgeon the centaur warrior zombie!
You squeeze the centaur warrior zombie.
The centaur warrior zombie is severely damaged.
The centaur warrior zombie hits you!
* * * LOW HITPOINT WARNING * * *
The centaur warrior zombie barely misses you.
You block the orc's attack. The centaur warrior zombie hits you!
* * * LOW HITPOINT WARNING * * *
The centaur warrior zombie completely misses you.
You block the centaur warrior zombie's attack.
The centaur warrior zombie kicks you.
* * * LOW HITPOINT WARNING * * *
Items here: ))) [ †††.
The centaur warrior zombie barely misses you.
You block the centaur warrior zombie's attack.
The centaur warrior zombie misses you. The centaur warrior zombie kicks you.
* * * LOW HITPOINT WARNING * * *
You tentacle-slap the centaur warrior zombie.
The centaur warrior zombie is severely damaged.
The centaur warrior zombie hits you!
* * * LOW HITPOINT WARNING * * *
The centaur warrior zombie kicks you.
You die...

...##.####.# #.....#
...#.......###
#.....#
.####........#
####'## .# #.######.#
#.# .# #.# #.# #.# .#
#.# #)# #.# .# #.#
#.# #.# .# #.#
#.#################.#
......#
#..oZ@..............#
#######
#####################


You could see an orc and a centaur warrior zombie.

Vanquished Creatures
  3 water moccasins
  3 ogres
  A centaur (D:6)
  A kobold brigand (D:6)
  A bullfrog (D:6)
  3 wights
  A hound (D:6)
  2 orc priests
  A centaur skeleton (D:5)
  3 iguanas
  2 orc wizards
  3 hound skeletons
  Robin (D:3)
  3 gnolls (D:4)
  A howler monkey skeleton (D:6)
  3 adders
  An adder skeleton (D:5)
  5 worms
  6 dart slugs
  16 orcs
  6 ball pythons
  10 bats
  7 endoplasms
  3 giant cockroaches
  16 goblins
  3 hobgoblins
  16 kobolds
  5 quokkas
  4 frilled lizards
  7 rats
137 creatures vanquished.

Vanquished Creatures (others)
  11 fungi (D:6)
  A plant (D:1)
  9 toadstools (D:6)
21 creatures vanquished.

Grand Total: 158 creatures vanquished

Notes
Turn   | Place    | Note
-------+----------+-------------------------------------------
     0 | D:1      | Deemzul the Octopode Monk began the quest for the Orb.
     0 | D:1      | Reached XP level 1. HP: 16/16 MP: 1/1
    54 | D:1      | Found Jeeru's General Store.
   372 | D:1      | Reached skill level 3 in Stealth
   372 | D:1      | Reached XP level 2. HP: 21/21 MP: 2/2
   718 | D:1      | Found a faded altar of an unknown god.
   760 | D:1      | Reached XP level 3. HP: 24/26 MP: 3/3
  1350 | D:1      | Bought a scroll of teleportation for 36 gold pieces
  1350 | D:1      | Bought a potion of degeneration for 12 gold pieces
  1971 | D:2      | Reached XP level 4. HP: 14/31 MP: 4/4
  2244 | D:2      | Reached skill level 4 in Stealth
  2342 | D:3      | Found a sacrificial altar of Ru.
  2345 | D:3      | Found a radiant altar of Vehumet.
  2348 | D:3      | Found an ornate altar of the Wu Jian Council.
  2351 | D:3      | Found a glowing golden altar of the Shining One.
  2391 | D:3      | Became a worshipper of the Wu Jian Council
  2391 | D:3      | Reached * piety under Wu Jian
  2391 | D:3      | Reached ** piety under Wu Jian
  2695 | D:2      | Reached XP level 5. HP: 13/37 MP: 5/5
  2866 | D:3      | Noticed Robin
  2992 | D:3      | Killed Robin
  3238 | D:4      | Reached skill level 1 in Shields
  3287 | D:4      | Noticed a water moccasin
  3300 | D:4      | Killed a water moccasin
  3301 | D:4      | Reached skill level 5 in Stealth
  3301 | D:4      | Reached XP level 6. HP: 6/43 MP: 6/6
  3498 | D:4      | Found a staircase to the Ecumenical Temple.
  3534 | D:4      | Reached *** piety under Wu Jian
  3884 | D:5      | Entered Level 5 of the Dungeon
  3918 | D:5      | Reached XP level 7. HP: 26/49 MP: 7/7
  4070 | D:5      | Noticed a shadow
  4388 | D:5      | Reached skill level 6 in Stealth
  4524 | D:6      | Reached skill level 5 in Unarmed Combat
  4579 | D:6      | Reached skill level 5 in Fighting
  4579 | D:6      | Reached skill level 5 in Dodging
  4579 | D:6      | Reached XP level 8. HP: 55/55 MP: 8/8
  4985 | D:6      | Reached skill level 7 in Stealth
  5020 | D:6      | Noticed a slime creature
  5021 | D:6      | Noticed a slime creature
  5195 | D:6      | Slain by a centaur warrior zombie

Illustrated notes

Levels and vault maps discovered:
D:1:      sevenhm_arrival_forest_fort_small_3, layout_basic,
          basic_ecumenical_altar, serial_shops, shop, serial_bayou_lagoon_b
D:2:      layout_basic, serial_park_tiny_1, dk_noncrumbling_4
D:3:      layout_rooms, grunt_temple_overflow_cloverleaf, minmay_curled_crystal,
          uniq_robin
D:4:      layout_loops_cross, minmay_temple_entry_ruins, minmay_ruptured
D:5:      layout_cave_pods, st_stairs_10
D:6:      cheibrodos_fertilizer, layout_basic

Skill      XL: |  1  2  3  4  5  6  7  8 |
---------------+-------------------------+-----
Stealth        | 3 4 5 6 7 |  7.2
Unarmed Combat | 4 5 |  5.6
Shields        | 1 2 3 |  3.9
Fighting       | 4 5 |  5.5
Dodging        | 4 5 |  5.5

Action                   |  1- 3 |  4- 6 |  7- 9 || total
-------------------------+-------+-------+-------++-------
Melee: Unarmed           |    82 |   158 |   140 ||   380
       Constrict         |    20 |    42 |    24 ||    86
       Tentacles         |    14 |    43 |    45 ||   102
       Punch             |     1 |     6 |     9 ||    16
Throw: Boomerang         |       |       |     8 ||     8
Invok: Lunge             |       |     8 |     5 ||    13
       Serpent's Lash    |       |     1 |       ||     1
  Use: Potion            |       |     2 |       ||     2
 Stab: Sleeping          |    10 |    17 |     8 ||    35
       Distracted        |       |     1 |       ||     1
Armor: Skin              |       |    11 |     5 ||    16
Dodge: Dodged            |    37 |    45 |    54 ||   136
Block: Tower shield      |       |    69 |   111 ||   180
